 Dungeon Crawl Stone Soup version 0.30-a0-867-g305f33218d (webtiles) character file.

Game seed: 14490063246817358448

869 Rocko1345 the Chopper (level 7, -7/62 HPs)
             Began as a Minotaur Monk on Mar 10, 2023.
             Was a Believer of Makhleb.
             Mangled by Maggie
             ... wielding a +0 scimitar
              (11 damage)
             ... on level 6 of the Dungeon.
             The game lasted 00:10:20 (4387 turns).

Rocko1345 the Chopper (Minotaur Monk)               Turns: 4387, Time: 00:10:21

Health: -7/62      AC: 12    Str: 18    XL:     7   Next: 73%
Magic:  6/6        EV:  8    Int:  7    God:    Makhleb [**....]
Gold:   269        SH:  5    Dex: 12    Spells: 6/6 levels left

rFire   + . .      SeeInvis .    a - +0 hand axe
rCold   x . .      Faith    .    p - orb {mayhem}
rNeg    . . .      Spirit   .    o - +0 chain mail
rPois   .          Reflect  +    (helmet restricted)
rElec   .          Rampage  .    i - +0 cloak
rCorr   .                        (no gloves)
Will    .....                    B - +0 pair of boots Stlth
                                 q - amulet of reflection
HPRegen 0.30/turn                h - ring of fire
MPRegen 0.10/turn                (no ring)

@: mighty, brilliant
A: horns 2, retaliatory headbutt
a: Renounce Religion, Minor Destruction


You were on level 6 of the Dungeon.
You worshipped Makhleb.
Makhleb was pleased with you.
You visited 1 branch of the dungeon, and saw 6 of its levels.

You collected 269 gold pieces.

Inventory:

Hand Weapons
 a - a +0 hand axe (weapon)
 n - a +1 dagger of draining
Missiles
 g - 2 poisoned darts (quivered)
 l - 2 javelins
 y - 2 boomerangs of dispersal
Armour
 b - a +0 robe
 i - a +0 cloak (worn)
 o - a +0 chain mail (worn)
 p - an orb of mayhem (worn)
 r - a +2 helmet
 B - a +0 pair of boots (worn)
Jewellery
 h - a ring of fire (left hand)
 q - an amulet of reflection (around neck)
Wands
 x - a wand of iceblast (5)
Scrolls
 f - 8 scrolls of identify
 u - 2 scrolls of noise
 z - a scroll of summoning
Potions
 c - 3 potions of ambrosia
 d - a potion of curing
 k - a potion of experience
 m - a potion of attraction
 t - 2 potions of magic
 v - a potion of brilliance


   Skills:
 * Level 5.9 Fighting
 * Level 7.3 Axes
 + Level 0.3 Throwing
 * Level 4.9 Armour
 + Level 4.5 Dodging
 - Level 1.7 Stealth
 + Level 1.6 Shields
 + Level 1.0 Invocations


You had 6 spell levels left.
You didn't know any spells.
Your spell library was empty.

Dungeon Overview and Level Annotations

Branches:
Dungeon (6/15)             Temple (0/1) D:6

Altars:
Ashenzari
Cheibriados
Hepliaklqana
Makhleb
Nemelex Xobeh
Trog

Shops:
D:3 [

Annotations:
D:6 Maggie


Innate Abilities, Weirdness & Mutations

You have a pair of horns on your head.
You reflexively headbutt those who attack you in melee.


Message History

Maggie hits you with a +0 scimitar!
* * * LOW HITPOINT WARNING * * *
An orc comes into view. It is wielding a +0 whip.
You feel better.
You are no longer corroded.
You block Maggie's attack.
You feel better.
The centaur shoots an arrow.
The arrow hits you but does no damage. Maggie hits you with a +0 scimitar.
* * * LOW HITPOINT WARNING * * *
You feel better.
The centaur shoots an arrow.
The arrow hits you but does no damage. Maggie gestures at you while chanting.
The bolt of fire hits you! You resist.
Okay, then.
As you read the scroll labelled JEIMIS BE PUFU, it crumbles to dust.
It is a scroll of amnesia.
You feel forgetful for a moment.
The centaur shoots an arrow.
The arrow hits you.
* * * LOW HITPOINT WARNING * * *
Maggie hits you with a +0 scimitar!
* * * LOW HITPOINT WARNING * * *
As you read the scroll of identify, it crumbles to dust.
z - a scroll of summoning The centaur shoots an arrow.
You reflect the arrow off an invisible shield around you!
The arrow barely misses the centaur.
The centaur shoots an arrow.
You reflect the arrow off an invisible shield around you!
The arrow hits the centaur!
Maggie hits you but does no damage.
Okay, then.
You feel very mighty all of a sudden. Maggie hits you with a +0 scimitar.
* * * LOW HITPOINT WARNING * * *
You feel better.
You break out of your daze.
The centaur shoots an arrow.
The arrow hits you.
* * * LOW HITPOINT WARNING * * *
The centaur shoots an arrow.
The arrow hits you.
* * * LOW HITPOINT WARNING * * *
Maggie hits you with a +0 scimitar!
You die...

*,,,,,,,,,**,,,,,,,,,,,,, #######
*,,,,,,**,*#....,,,,,,,*, #.....#
*********,,.....,,,,,,,*, ##.##.#
#########.....,,,,,,,*, #.##.#
#.............,,,,,,,*,
#..#.#####.............,,,,,,,*,
#......................,,,,,,,**
##..#.#####......oc.....,,,,,,,,*
#.....†..<......@.#..,,,,,,,,,,,*
##.##.#.#.#.###.#@......,,**,,,,*
#.##.#.#.......#.(.....,,**,,,,*
#....#.#...#####..(....,,*******
######.#...# *..(....,,*
#.#.###****.......,,*
#.#..,,,,,,.......,,*
#.###******#.....(,,* *,*
*,,,,,,,,*******


You could see Maggie (poisoned), a centaur and an orc.

Vanquished Creatures
  Sigmund (D:5)
  An ice beast (D:5)
  3 scorpions
  A howler monkey (D:4)
  2 jellies
  2 iguanas
  An orc wizard (D:3)
  9 adders
  A white imp (D:5)
  An ufetubus (D:5)
  2 worms
  3 dart slugs
  5 orcs
  6 ball pythons
  4 endoplasms
  3 giant cockroaches
  2 goblins
  4 hobgoblins
  3 jackals (D:3)
  A quokka (D:2)
  2 bats (D:2)
  A frilled lizard (D:1)
  4 kobolds
  3 rats
65 creatures vanquished.

Vanquished Creatures (collateral kills)
  An ogre (D:5)
  A sleepcap (D:5)
2 creatures vanquished.

Vanquished Creatures (others)
  A jackal (D:3)
  33 plants (D:3)
34 creatures vanquished.

Grand Total: 101 creatures vanquished

Notes
Turn   | Place    | Note
-------+----------+-------------------------------------------
     0 | D:1      | Rocko1345 the Minotaur Monk began the quest for the Orb.
     0 | D:1      | Reached XP level 1. HP: 19/19 MP: 0/0
   307 | D:1      | Reached XP level 2. HP: 22/27 MP: 1/1
   542 | D:1      | Reached skill level 4 in Axes
  1000 | D:2      | Reached XP level 3. HP: 33/33 MP: 2/2
  1366 | D:3      | Found a broken altar of Ashenzari.
  1614 | D:3      | Reached XP level 4. HP: 10/41 MP: 3/3
  1749 | D:3      | Found a burning altar of Makhleb.
  1767 | D:3      | Found a bloodstained altar of Trog.
  1975 | D:3      | Found Mazasiuf's Armour Shop.
  2158 | D:3      | Became a worshipper of Makhleb the Destroyer
  2158 | D:3      | Reached * piety under Makhleb
  2158 | D:3      | Reached ** piety under Makhleb
  2387 | D:4      | Reached skill level 1 in Armour
  2415 | D:4      | Noticed a scorpion
  2422 | D:4      | Killed a scorpion
  2423 | D:4      | Reached skill level 5 in Fighting
  2423 | D:4      | Reached skill level 5 in Axes
  2423 | D:4      | Reached XP level 5. HP: 48/48 MP: 4/4
  2939 | D:4      | Found a hazy altar of Hepliaklqana.
  2995 | D:4      | Reached XP level 6. HP: 56/56 MP: 5/5
  3102 | D:4      | Found a sparkling altar of Nemelex Xobeh.
  3270 | D:5      | Entered Level 5 of the Dungeon
  3347 | D:5      | Reached skill level 6 in Axes
  3396 | D:5      | Noticed an ice beast
  3410 | D:5      | Killed an ice beast
  3411 | D:5      | Reached skill level 1 in Invocations
  3411 | D:5      | Reached XP level 7. HP: 19/62 MP: 6/6
  3577 | D:5      | Reached skill level 1 in Shields
  3648 | D:5      | Found a snail-covered altar of Cheibriados.
  3745 | D:5      | Noticed Sigmund
  3784 | D:5      | Killed Sigmund
  3785 | D:5      | Reached skill level 7 in Axes
  4356 | D:6      | Noticed Maggie
  4386 | D:6      | HP: 3/62 [Maggie/+0 scimitar (4)]
  4387 | D:6      | Mangled by Maggie

Illustrated notes

Levels and vault maps discovered:
D:1:      spicycebolla_green_bress_n_ham, layout_loops_cross,
          chequers_serial_rivers_micro_d, dreamdust_princess_bridge,
          minmay_pentomino_q2
D:2:      layout_rooms
D:3:      layout_basic, general_overflow_altar,
          mainiacjoe_overflow_catch_the_wave, serial_shops,
          nicolae_shop_hallway_stairs, uniq_crazy_yiuf_cottage
D:4:      layout_gridville, mainiacjoe_overflow_alcove_2, lemuel_crystal_altar
D:5:      layout_basic, kennysheep_slug_shrine, kennysheep_cross_bottleneck,
          uniq_sigmund
D:6:      layout_basic, minmay_temple_entry_large_hall, uniq_maggie

Skill      XL: |  1  2  3  4  5  6  7 |
---------------+----------------------+-----
Axes           | 4 5 6 7 |  7.3
Fighting       | 4 5 |  5.9
Dodging        | 4 |  4.5
Armour         | 2 3 4 |  4.9
Invocations    | 1 |  1.0
Shields        | 1 |  1.6
Throwing       | |  0.3
Stealth        | |  1.7

Action                     |  1- 3 |  4- 6 |  7- 9 || total
---------------------------+-------+-------+-------++-------
  Melee: Hand axe          |    87 |   101 |    78 ||   266
         Headbutt          |    10 |    31 |    11 ||    52
  Throw: Dart              |       |       |    18 ||    18
 Invoke: Minor Destruction |       |     2 |       ||     2
    Use: Scroll            |     6 |     4 |     3 ||    13
         Potion            |       |       |     9 ||     9
 Armour: Robe              |     5 |       |       ||     5
         Chain mail        |    38 |    41 |    39 ||   118
  Dodge: Dodged            |    40 |    13 |    17 ||    70
  Block: Orb               |       |    11 |    19 ||    30
         Reflection        |       |       |     4 ||     4

Table legend: (Time is in decaauts)
 A = Elapsed time spent in this place.
 B = Non-inter-level travel time spent in this place.
 C = Inter-level travel time spent in this place.
 D = Time resting spent in this place.
 E = Time spent auto-exploring this place.
 F = Levels seen in this place.
 G = Mean time per level.
                   A        B        C        D        E       F      G
               +--------+--------+--------+--------+--------+-----+--------+
         Total |   4377 |   4114 |    263 |    519 |   2581 |   6 |  729.5 |
       Dungeon |   4377 |   4114 |    263 |    519 |   2581 |   6 |  729.5 |
               +--------+--------+--------+--------+--------+-----+--------+

Top non-repeatable levels by time:
     D:5: 1040 daAuts
     D:4: 1033 daAuts
     D:3: 904 daAuts
     D:1: 761 daAuts
     D:2: 581 daAuts
     D:6: 55 daAuts
